 Dungeon Crawl Stone Soup version 0.18.1-6-gd335043 (webtiles) character file.

2862 epen the Frost Mage (level 9, -1/62 HPs)
             Began as a Mottled Draconian Ice Elementalist on May 15, 2016.
             Was a Believer of Vehumet.
             Killed from afar by an orc wizard (9 damage)
             ... with a puff of flame
             ... on level 8 of the Dungeon.
             The game lasted 00:18:39 (8272 turns).

epen the Frost Mage (DrIE)                          Turns: 8272, Time: 00:18:40

Health: -1/62      AC:  9    Str: 11    XL:     9   Next: 47%
Magic:  5/20       EV: 14    Int: 18    God:    Vehumet [**....]
Gold:   210        SH:  0    Dex: 12    Spells: 5 memorised, 9 levels left

rFire  . . .     SeeInvis .     n - +1 dagger (elec)
rCold  . . .     Gourm    .     (armour unavailable)
rNeg   . . .     Faith    .     (no shield)
rPois  .         Spirit   .     (helmet restricted)
rElec  .         Dismiss  .     v - +1 cloak
rCorr  .         Reflect  .     (no gloves)
SustAt .         Harm     .     (no boots)
MR     .....                    (no amulet)
Stlth  ++........               (no ring)
                                (no ring)

@: very slightly contaminated, not resistant to hostile enchantments, unstealthy
A: breathe sticky flame splash, unfitting armour, cold-blooded, AC +7
a: Breathe Sticky Flame, Renounce Religion


You were on level 8 of the Dungeon.
You worshipped Vehumet.
Vehumet was pleased with you.
You were near starving.

You visited 2 branches of the dungeon, and saw 9 of its levels.
You also visited: Sewer.

You collected 522 gold pieces.
You spent 312 gold pieces at shops.

Inventory:

Hand Weapons
 n - a +1 dagger of electrocution (weapon)
Armour
 v - a +1 cloak (worn)
Wands
 k - a wand of disintegration (11/24)
 l - a wand of hasting (3/9)
 t - a wand of teleportation (4/9)
 x - a wand of disintegration (1/24)
 D - a wand of acid (6/15)
Scrolls
 c - 2 scrolls of remove curse
 d - a scroll of fog
 f - a scroll of brand weapon {unknown}
 g - 2 scrolls of magic mapping
 h - a scroll of identify
 i - a scroll of random uselessness
 o - a scroll of enchant armour
 r - a scroll of recharging {unknown}
 w - a scroll of amnesia
Potions
 e - 5 potions of curing
 j - 2 potions of might
 p - a potion of brilliance {unknown}
 q - a potion of mutation {unknown}
 s - 2 potions of haste {unknown}
 u - 2 potions of magic {unknown}
 z - 2 potions of cancellation
 A - 3 potions of flight
Books
 a - a book of Frost

   Spells                             Type                      Level
   a - Freeze                         Ice                          1
   b - Throw Frost                    Conjuration/Ice              2
   c - Ozocubu's Armour               Charms/Ice                   3
   d - Throw Icicle                   Conjuration/Ice              4
   e - Summon Ice Beast               Ice/Summoning                4
Comestibles
 b - 6 bread rations
 m - 2 fruits
 B - 2 beef jerkies
 C - 5 slices of pizza


   Skills:
 + Level 5.8 Dodging
 - Level 1.7 Stealth
 * Level 7.8 Spellcasting
 - Level 1.0 Conjurations
 * Level 8.8 Ice Magic


You had 9 spell levels left.
You knew the following spells:

 Your Spells              Type           Power        Failure   Level  Hunger
a - Freeze                Ice            ####         1%          1    None
b - Throw Frost           Conj/Ice       ###...       1%          2    None
c - Ozocubu's Armour      Chrm/Ice       ###.....     6%          3    #......
d - Throw Icicle          Conj/Ice       ###.....     17%         4    ###....
e - Summon Ice Beast      Ice/Summ       ###.....     21%         4    ###....


Dungeon Overview and Level Annotations

Branches:
Dungeon (8/15)             Temple (1/1) D:5
   Lair: D:8-11

Altars:
Ashenzari
Cheibriados
Dithmenos
Elyvilon
Fedhas
Gozag
Kikubaaqudgha
Makhleb
Nemelex Xobeh
Okawaru
Pakellas
Qazlal
Ru
Sif Muna
Trog
Vehumet
Xom
Yredelemnul
Zin
The Shining One

Shops:
D:7 }

Annotations:
D:8 oplop's ghost, novice DDFi


Innate Abilities, Weirdness & Mutations

You can spit globs of burning liquid.
You can ignite nearby creatures when you spit burning liquid.
Your weird mottled scales are hard (AC +7).
Your body does not fit into most forms of armour.
You are cold-blooded and may be slowed by cold attacks.


Message History

Something closely misses your ice beast.
The orc warrior throws a tomahawk.
The tomahawk barely misses you.
Your ice beast hits the orc wizard.
Your ice beast freezes the orc wizard!
You see here a tomahawk.
Eat which item? (? for menu, Esc to quit)
Okay, then.
Drink which item? (? for menu, Esc to quit)
You feel better. Something hits your ice beast.
The orc warrior throws a tomahawk.
The tomahawk closely misses you.
You see here a tomahawk.
The orc warrior throws a tomahawk.
The tomahawk closely misses you. The orc wizard casts a spell at you.
The puff of frost hits you!
* * * LOW HITPOINT WARNING * * *
The orc warrior throws a tomahawk.
The tomahawk hits you.
* * * LOW HITPOINT WARNING * * *
You see here a tomahawk.
The orc wizard gestures at you while chanting.
The puff of flame hits you!
You die...

...........#
##o###...
#..........# #..#
## ##..)......##
#oY# ####[.......#
#..# .............
#(o#
....#........###(#
#####.........
#.## #..#.....
#(.# #..######
#@.# #..# ##(#
#.## .# ##.# .#
##..# .. #...# ..
##...# #.#
##....## .#
#......#


You could see an orc warrior, an orc wizard and a friendly ice beast.

Vanquished Creatures
  A hog (D:7)
  A yak (D:7)
  A hungry ghost (D:4)
  A human (D:7)
  A water moccasin (D:7)
  2 orc warriors
  A black bear (D:8)
  2 phantoms
  2 ogres
  3 centaurs
  A giant frog (D:7)
  A big kobold (Sewer)
  3 scorpions
  2 killer bees (D:8)
  2 howler monkeys
  2 crimson imps
  A giant frog zombie (D:7)
  3 hounds
  2 centaur skeletons
  2 orc priests
  A giant frog skeleton (D:7)
  A gnoll shaman (D:7)
  5 worker ants
  An iguana (D:5)
  A sheep (D:7)
  2 gnolls (D:7)
  13 adders
  3 river rats
  3 oozes
  2 dart slugs
  4 giant geckos
  14 orcs
  3 ball pythons
  8 giant cockroaches
  12 goblins
  10 hobgoblins
  A jackal (Sewer)
  14 kobolds
  2 quokkas
  8 bats
  A giant gecko zombie (D:5)
  11 giant newts
  A jackal skeleton (D:4)
  A quokka skeleton (D:5)
  17 rats
173 creatures vanquished.

Vanquished Creatures (collateral kills)
  A hungry ghost (D:7)
  A giant frog (D:7)
  A killer bee (D:8)
  An orc priest (D:8)
  A sheep (D:7)
  A gnoll (D:7)
  An orc (D:8)
7 creatures vanquished.

Vanquished Creatures (others)
  A goblin (D:1)
1 creature vanquished.

Grand Total: 181 creatures vanquished

Notes
Turn   | Place    | Note
--------------------------------------------------------------
     0 | D:1      | epen the Draconian Ice Elementalist began the quest for the Orb.
     0 | D:1      | Reached XP level 1. HP: 14/14 MP: 3/3
    49 | D:1      | Reached XP level 2. HP: 14/20 MP: 0/5
    53 | D:1      | Learned a level 2 spell: Throw Frost
   590 | D:1      | Reached XP level 3. HP: 25/26 MP: 4/6
  1006 | D:1      | Found a sparkling altar of Nemelex Xobeh.
  1598 | D:2      | Reached XP level 4. HP: 30/33 MP: 8/8
  1603 | D:2      | Learned a level 3 spell: Ozocubu's Armour
  2439 | D:3      | Noticed an ogre
  2451 | D:3      | Killed an ogre
  2451 | D:3      | Reached skill level 4 in Ice Magic
  2451 | D:3      | Reached XP level 5. HP: 35/38 MP: 1/10
  3142 | D:4      | Reached XP level 6. HP: 45/45 MP: 9/12
  3148 | D:4      | Learned a level 4 spell: Throw Icicle
  3303 | D:4      | Reached skill level 5 in Ice Magic
  3848 | D:4      | Found an oddly glowing altar of Pakellas.
  3848 | D:4      | Found a white marble altar of Elyvilon.
  4034 | D:5      | Entered Level 5 of the Dungeon
  4100 | D:5      | Your scales start taking on a weird mottled colour.
  4100 | D:5      | Reached XP level 7. HP: 50/50 MP: 6/14
  4118 | D:5      | Found a staircase to the Ecumenical Temple.
  4122 | D:5      | Noticed a hungry ghost
  4132 | Temple   | Entered the Ecumenical Temple
  4163 | Temple   | Became a worshipper of Vehumet
  4336 | D:4      | Killed a hungry ghost
  4336 | D:4      | Reached skill level 5 in Spellcasting
  4447 | D:5      | Learned a level 4 spell: Summon Ice Beast
  4570 | D:5      | Found a glowing drain.
  4578 | Sewer    | Entered a sewer
  4594 | Sewer    | Reached skill level 6 in Ice Magic
  4841 | Sewer    | Found a white marble altar of Elyvilon.
  5244 | D:6      | Reached * piety under Vehumet
  5244 | D:6      | Offered knowledge of Flame Tongue by Vehumet.
  5431 | D:6      | Reached XP level 8. HP: 57/57 MP: 16/16
  6039 | D:6      | Reached skill level 7 in Ice Magic
  6424 | D:7      | Paralysed by fainting for 9 turns
  6565 | D:7      | Found a sparkling altar of Nemelex Xobeh.
  6630 | D:7      | Reached skill level 5 in Dodging
  6933 | D:7      | Found Puguhagg's Gadget Boutique.
  6937 | D:7      | Bought a wand of teleportation (4/9) for 312 gold pieces
  6952 | D:7      | Reached skill level 8 in Ice Magic
  6952 | D:7      | Reached XP level 9. HP: 60/62 MP: 10/19
  7272 | D:8      | Noticed oplop's ghost (novice DDFi)
  7343 | D:8      | HP: 3/62 [orc warrior/glaive (8)]
  8239 | D:8      | Found an iron altar of Okawaru.
  8248 | D:8      | Reached ** piety under Vehumet
  8248 | D:8      | Offered knowledge of Searing Ray by Vehumet.
  8272 | D:8      | Killed from afar by an orc wizard

Skill      XL: |  1  2  3  4  5  6  7  8  9 |
---------------+----------------------------+-----
Dodging        | 2 3 4 5 |  5.8
Spellcasting   | 3 4 5 6 7 |  7.8
Ice Magic      | 4 5 6 8 |  8.8
Stealth        | |  1.7
Conjurations   | |  1.0

Action                   |  1- 3 |  4- 6 |  7- 9 || total
-------------------------+-------+-------+-------++-------
Melee: Unarmed           |    90 |    22 |       ||   112
       Tailslap          |    10 |    10 |     7 ||    27
       Dagger            |       |    87 |   144 ||   231
 Cast: Freeze            |    50 |    78 |   134 ||   262
       Throw Frost       |       |     5 |     8 ||    13
       Ozocubu's Armour  |       |     1 |     1 ||     2
       Throw Icicle      |       |       |     8 ||     8
       Summon Ice Beast  |       |       |    10 ||    10
Evoke: Wand              |       |       |     5 ||     5
  Use: Scroll            |       |       |    16 ||    16
       Potion            |       |       |     2 ||     2
 Stab: Sleeping          |       |     2 |     3 ||     5
  Eat: Chunk             |     3 |     8 |     7 ||    18
       Meat ration       |       |       |     3 ||     3
       Pizza             |       |       |     4 ||     4
       Royal jelly       |       |       |     1 ||     1
       Beef jerky        |       |       |     1 ||     1
Armor: Skin              |    45 |    44 |    98 ||   187
Dodge: Dodged            |    81 |   116 |   199 ||   396
